 Dungeon Crawl Stone Soup version 0.28-a0-723-g095bd1b44f (webtiles) character file.

Game seed: 1893333020339431405

0 meatgazer the Skirmisher (level 1, 0/18 HPs)
             Began as a Demonspawn Abyssal Knight on Oct 25, 2021.
             Was a Follower of Lugonu.
             Slain by a wizard (6 damage)
             ... on level 1 of the Abyss.
             The game lasted 00:00:13 (55 turns).

meatgazer the Skirmisher (Demonspawn Abyssal Knight)  Turns: 55, Time: 00:00:13

Health: 0/18       AC:  3    Str: 13    XL:     1   Next: 0%
Magic:  2/2        EV:  8    Int: 11    God:    Lugonu [*.....]
Gold:   11         SH:  0    Dex: 13    Spells: 0/0 levels left

rFire   . . .      SeeInvis .   a - +1 spear
rCold   . . .      Faith    .   (no shield)
rNeg    . . .      Spirit   .   b - +0 leather armour
rPois   .          Reflect  .   (no helmet)
rElec   .          Harm     .   (no cloak)
rCorr   .          Rampage  .   (no gloves)
Will    .....                   (no boots)
Stlth   +.........              (no amulet)
HPRegen 0.06/turn               (no ring)
MPRegen 0.08/turn               (no ring)

@: constricted
A: no striking features
a: Renounce Religion, Depart the Abyss


You were on level 1 of the Abyss.
You worshipped Lugonu.
Lugonu was aware of your devotion.
You visited 0 branches of the dungeon, and saw 0 of its levels.
You visited the Abyss 1 time.

You collected 11 gold pieces.

Inventory:

Hand Weapons
 a - a +1 spear (weapon)
Armour
 b - a +0 leather armour (worn)


   Skills:
 + Level 3.0 Fighting
 + Level 1.7 Polearms
 + Level 1.7 Armour
 + Level 0.8 Dodging
 + Level 2.4 Invocations


You couldn't memorise any spells.
You didn't know any spells.
Your spell library was empty.

Dungeon Overview and Level Annotations

Branches:
Dungeon (0/15)

Altars:


Message History

The wizard shouts!
You barely miss the wizard. You hit the wizard.
The wizard is lightly wounded.
The wizard casts a spell.
The wizard blinks!
Found a short sword.
A tentacled starspawn comes into view.
Tentacles burst from the starspawn's body! 2 starspawn tentacles come into view.
You hit the wizard but do no damage.
The wizard is lightly wounded.
The wizard howls an incantation.
You feel disoriented.
The wizard hits you with a +2 vampiric dagger.
The wizard draws strength from your wounds!
You closely miss the wizard. The wizard closely misses you.
You hit the wizard.
The wizard is lightly wounded.
The wizard hits you with a +2 vampiric dagger.
The wizard draws strength from your wounds!
You barely miss the wizard.
The wizard hits you with a +2 vampiric dagger.
You closely miss the wizard. The wizard barely misses you.
An ufetubus comes into view.
You miss the wizard.
The wizard casts a spell.
The wizard blinks!
A quasit comes into view.
Tentacles burst from the starspawn's body! 2 starspawn tentacles come into view.
The wizard gestures wildly while chanting.
The wizard flickers and vanishes!
Deactivating autopickup; reactivate with Ctrl-A.
The starspawn tentacle grabs you. The starspawn tentacle constricts you.
The quasit gives a chilling moan.
You hit something.
The quasit bites you but does no damage.
The quasit claws you. The quasit closely misses you. Something hits you.
You die...

# #) .#.. #..
#..###..#
.#.#. ...
###....#. #.#
#...#......w
###w###...#
#{@X.....#
#..5######.##
#...#.#.#
.#..#
#.#.##..# #.
#... #..... .
##. ##
#.#.###.# #.
#..
#.#.#...∩..#
.#.###.
.#.#.. . .
.... ....#


You could see a tentacled starspawn, a starspawn tentacle and a quasit.

Vanquished Creatures (others)
  3 starspawn tentacles (Abyss:1)
3 creatures vanquished.

Notes
Turn   | Place    | Note
-------+----------+-------------------------------------------
     0 | Abyss:1  | meatgazer the Demonspawn Abyssal Knight began the quest for
                  | the Orb.
     0 | Abyss:1  | Reached XP level 1. HP: 18/18 MP: 2/2
    35 | Abyss:1  | Noticed a wizard
    43 | Abyss:1  | Noticed a tentacled starspawn
    51 | Abyss:1  | Noticed a quasit
    55 | Abyss:1  | Slain by a wizard

Illustrated notes

Levels and vault maps discovered:
Abyss:1:  base: Temple, base:
Temple

Action                   || total
-------------------------++-------
Melee: Spear             ||     9
Armor: Leather armour    ||     1
Dodge: Dodged            ||     3

Table legend: (Time is in decaauts)
 A = Elapsed time spent in this place.
 B = Non-inter-level travel time spent in this place.
 C = Inter-level travel time spent in this place.
 D = Time resting spent in this place.
 E = Time spent auto-exploring this place.
 F = Levels seen in this place.
 G = Mean time per level.
                   A        B        C        D        E       F      G
               +--------+--------+--------+--------+--------+-----+--------+
         Total |     55 |     55 |      0 |      0 |     32 |   1 |   55.0 |
         Abyss |     55 |     55 |      0 |      0 |     32 |   1 |   55.0 |
               +--------+--------+--------+--------+--------+-----+--------+

Top non-repeatable levels by time:
 Abyss:1: 55 daAuts
